 Dungeon Crawl Stone Soup version 0.23-a0-150-g7664ed78f7 (webtiles) character file.

11982 Holzbalken the Basher (level 11, -8/60 HPs)
             Began as a Gargoyle Monk on Sept 7, 2018.
             Was a High Priest of Qazlal.
             Killed by divine providence
             ... invoked by an orc priest
              (14 damage)
             ... on level 11 of the Dungeon.
             The game lasted 00:38:54 (10095 turns).

Holzbalken the Basher (Gargoyle Monk)              Turns: 10095, Time: 00:38:55

Health: -8/60      AC: 24    Str: 18    XL:     11   Next: 86%
Magic:  11/11      EV:  9    Int: 11    God:    Qazlal [*****.]
Gold:   707        SH: 21    Dex: 12    Spells: 10/10 levels left

rFire    . . .     SeeInvis .   j - +0 flail
rCold    . . .     Gourm    .   d - +2 shield {AC+3}
rNeg     + + .     Faith    .   y - +0 pearl dragon scales
rPois    ∞         Spirit   .   h - +0 hat
rElec    +         Reflect  .   (no cloak)
rCorr    .         Harm     .   i - +2 pair of gloves
MR       .....                  (no boots)
Stlth    ..........             t - amulet of regeneration
HPRegen  0.60/turn              o - ring of flight
MPRegen  0.12/turn              (no ring)

@: repel missiles
A: negative energy resistance 1, electricity resistance, unbreathing,
petrification resistance, rot immunity, AC +8
a: Upheaval, Elemental Force, Disaster Area, Renounce Religion, Evoke Flight


You were on level 11 of the Dungeon.
You worshipped Qazlal.
Qazlal was extremely pleased with you.
You were hungry.

You visited 2 branches of the dungeon, and saw 12 of its levels.

You collected 707 gold pieces.

Inventory:

Hand Weapons
 a - a +0 mace
 j - a +0 flail (weapon)
Missiles
 p - 2 javelins of penetration (quivered)
 C - 4 javelins of returning
Armour
 d - a +2 shield of protection (worn)
 h - a +0 hat (worn)
 i - a +2 pair of gloves (worn)
 v - a +0 plate armour
 y - +0 pearl dragon scales (worn)
Jewellery
 o - a ring of flight (left hand)
 t - an amulet of regeneration (around neck)
 K - a +3 ring of strength {unknown}
Wands
 e - a wand of clouds (3)
 m - a wand of disintegration (16)
 u - a wand of paralysis (14)
 z - a wand of scattershot (4)
 B - a wand of flame (6)
 J - a wand of acid (4)
Scrolls
 b - 2 scrolls of remove curse
 f - 8 scrolls of identify
 n - 4 scrolls of enchant armour
 w - a scroll of magic mapping
 x - 2 scrolls of teleportation
 A - 2 scrolls of enchant weapon {unknown}
 H - a scroll of torment {unknown}
 I - a scroll of fear {unknown}
Potions
 g - a potion of flight {unknown}
 k - a potion of curing
 l - 2 potions of lignification
 q - 3 potions of mutation
 r - 2 potions of invisibility
 s - 2 potions of haste
 D - a potion of resistance {unknown}
 E - a potion of berserk rage {unknown}
 F - a potion of ambrosia {unknown}
Comestibles
 c - 23 rations
 G - 31 chunks of flesh


   Skills:
 - Level 3.2 Fighting
 + Level 14.8 Maces & Flails
 - Level 2.4 Dodging
 - Level 2.1 Stealth
 + Level 11.4 Shields


You had 10 spell levels left.
You didn't know any spells.
Your spell library was empty.

Dungeon Overview and Level Annotations

Branches:
Dungeon (11/15)            Temple (1/1) D:5
   Lair: D:8-11         Orc: D:9-12

Altars:
Ashenzari
Cheibriados
Dithmenos
Elyvilon
Fedhas
Gozag
Hepliaklqana
Kikubaaqudgha
Makhleb
Nemelex Xobeh
Okawaru
Qazlal
Ru
Sif Muna
Trog
Uskayaw
Vehumet
Wu Jian
Xom
Yredelemnul
Zin
The Shining One

Shops:
D:11 *

Portals:
Trove: D:10 (give 2 scrolls of acquirement)

Annotations:
D:5 2 transporters, feta's ghost, novice OgHu


Innate Abilities, Weirdness & Mutations

You are resistant to torment.
Your stone body is resilient. (AC +8)
You are immune to poison.
You resist negative energy. (rN+)
You are resistant to electric shocks. (rElec)
You can survive without breathing.
You are immune to petrification.
You are immune to rotting.


Message History

Something shouts, "Escape, thou foisting toot-wallowing giglet!"
You hear a shout!
Your shield and pearl dragon scales prevent you from hitting the yak.
The yak is almost dead.
The orc priest calls down the wrath of Beogh upon you.
Beogh smites you!
* * * LOW HITPOINT WARNING * * *
The yak gores you but does no damage.
You feel better.
The orc priest mumbles some strange prayers to Beogh against you.
Beogh smites you!
* * * LOW HITPOINT WARNING * * *
You block the yak's attack.
You hit the yak but do no damage.
The yak is almost dead.
You block the yak's attack.
The yak is engulfed in blazing flames.
The orc priest invokes the aid of Beogh against you.
Beogh smites you!
You die...

### ..# #.# #.#
#.###################
###...........§.......$
#..>..........@.#######
#....##########.##
#....# #Y.#### #....#
#...#§...# #....#
#.#.#.o††####+##
###....# ..
..#.)..)...... .....###
# .###...........
##...# ...'...........
##...# #.###....#......


You could see a yak and an orc priest.

Vanquished Creatures
  Harold (D:7)
  An ugly thing (D:10)
  A cyclops (D:9)
  Joseph (D:10)
  A centaur skeleton (D:11)
  A guardian mummy (D:10)
  A queen bee (D:10)
  Prince Ribbit (D:7)
  A hippogriff (D:8)
  Sigmund (D:5)
  A wyvern (D:11)
  A shadow (D:11)
  20 yaks
  A water moccasin (D:5)
  An orc warrior (D:6)
  An ice beast (D:7)
  2 black bears
  A phantom (D:9)
  6 sky beasts
  2 ogres
  10 centaurs
  3 big kobolds
  4 bullfrogs
  2 scorpions
  26 killer bees
  10 howler monkeys
  A centaur zombie (D:9)
  2 crimson imps (D:11)
  4 hounds
  A bullfrog zombie (D:7)
  3 quasits
  3 orc priests
  4 bullfrog skeletons
  6 iguanas
  A gnoll shaman (D:4)
  4 orc wizards
  13 worker ants
  Terence (D:3)
  20 gnolls
  7 adders
  A howler monkey skeleton (D:8)
  3 shadow imps
  2 oozes (D:4)
  2 adder skeletons
  2 adder zombies (D:9)
  A worm (D:3)
  A dart slug (D:1)
  5 leopard geckos
  34 orcs
  2 ball pythons
  4 bats
  8 giant cockroaches
  5 goblins
  6 hobgoblins
  15 jackals
  8 quokkas
  9 frilled lizards
  31 kobolds
  A leopard gecko skeleton (D:8)
  6 rats
317 creatures vanquished.

Notes
Turn   | Place    | Note
-------+----------+-------------------------------------------
     0 | D:1      | Holzbalken the Gargoyle Monk began the quest for the Orb.
     0 | D:1      | Reached XP level 1. HP: 14/14 MP: 1/1
   240 | D:1      | Reached XP level 2. HP: 15/19 MP: 2/2
   366 | D:1      | Reached skill level 4 in Maces & Flails
   443 | D:1      | Reached XP level 3. HP: 23/23 MP: 3/3
  1251 | D:2      | Reached XP level 4. HP: 28/28 MP: 4/4
  1534 | D:3      | Found a bloodstained altar of Trog.
  1679 | D:3      | Reached skill level 5 in Maces & Flails
  1717 | D:3      | Found a white marble altar of Elyvilon.
  1923 | D:3      | Noticed Terence
  1941 | D:3      | Killed Terence
  1977 | D:3      | Reached XP level 5. HP: 22/32 MP: 5/5
  2164 | D:3      | Found a deep blue altar of Sif Muna.
  2534 | D:4      | Noticed an ogre
  2536 | D:4      | Reached skill level 6 in Maces & Flails
  3052 | D:5      | Entered Level 5 of the Dungeon
  3067 | D:5      | Reached XP level 6. HP: 19/37 MP: 6/6
  3277 | D:5      | Noticed a water moccasin
  3369 | D:5      | Found a transporter.
  3369 | D:5      | Noticed feta's ghost (novice OgHu)
  3370 | D:5      | Noticed a hungry ghost
  3371 | D:5      | Found a transporter.
  3485 | D:5      | Noticed Sigmund
  3519 | D:5      | Killed Sigmund
  3519 | D:5      | Reached skill level 7 in Maces & Flails
  3519 | D:5      | Reached XP level 7. HP: 41/41 MP: 7/7
  3636 | D:5      | Reached skill level 8 in Maces & Flails
  4174 | D:5      | Found a staircase to the Ecumenical Temple.
  4185 | Temple   | Entered the Ecumenical Temple
  4391 | Temple   | Became a worshipper of Qazlal Stormbringer
  4391 | Temple   | Reached * piety under Qazlal
  4391 | Temple   | Reached ** piety under Qazlal
  4544 | D:4      | Reached skill level 9 in Maces & Flails
  4580 | D:4      | Reached XP level 8. HP: 36/46 MP: 8/8
  4767 | D:4      | Reached skill level 10 in Maces & Flails
  5857 | D:6      | Found a blossoming altar of Fedhas.
  5857 | D:6      | Found a basalt altar of Yredelemnul.
  6269 | D:6      | Reached skill level 11 in Maces & Flails
  6486 | D:7      | Found an iron altar of Okawaru.
  6519 | D:7      | Reached XP level 9. HP: 45/51 MP: 9/9
  6531 | D:7      | Reached skill level 1 in Shields
  6654 | D:7      | Reached *** piety under Qazlal
  6757 | D:7      | Noticed Harold
  6811 | D:7      | Killed Harold
  6811 | D:7      | Reached skill level 12 in Maces & Flails
  6811 | D:7      | Reached skill level 5 in Shields
  7072 | D:7      | Noticed Prince Ribbit
  7088 | D:7      | Killed Prince Ribbit
  7263 | D:8      | Reached XP level 10. HP: 56/56 MP: 10/10
  7414 | D:8      | Found a sacrificial altar of Ru.
  7479 | D:8      | Reached **** piety under Qazlal
  8112 | D:9      | Reached skill level 13 in Maces & Flails
  8567 | D:9      | Noticed a cyclops
  8577 | D:9      | Killed a cyclops
  8908 | D:10     | Entered Level 10 of the Dungeon
  9055 | D:10     | Noticed Joseph
  9072 | D:10     | Killed Joseph
  9072 | D:10     | Reached XP level 11. HP: 59/60 MP: 11/11
  9182 | D:10     | Reached ***** piety under Qazlal
  9183 | D:10     | Noticed a purple ugly thing
  9200 | D:10     | Killed a purple ugly thing
  9200 | D:10     | Reached skill level 14 in Maces & Flails
  9200 | D:10     | Reached skill level 10 in Shields
  9751 | D:10     | Found a portal to a secret trove of treasure.
 10077 | D:11     | Found Wenuacij's General Store.
 10091 | D:11     | HP: 3/60 [orc priest/divine providence (11)]
 10095 | D:11     | Killed from afar by an orc priest

Vault maps used:
D:1:      sevenhm_arrival_forest_fort_small_3
D:2:      first_ration, minmay_hexomino_p4
D:3:      led_sif_book, elyvilon_altar_4, old_standard_altar, st_stairs_1,
          uniq_terence
D:5:      minmay_temple_entry_enclosed_plants, gammafunk_ghost_mausoleum,
          patterned_corridor, uniq_sigmund
D:6:      gammafunk_temple_overflow_wave, minmay_small_thing
D:7:      okawaru_gym_becter, uniq_prince_ribbit1, uniq_harold
D:8:      nicolae_overflow_crystal_walls
D:10:     nicolae_trove_entry_path_of_doom, david_nohive_1,
          minmay_sticks_and_stones
D:11:     erik_lair_orcish_takeover, minmay_shop_grid_forest
Temple:   regret_index_temple_generic_petals

Skill      XL: |  1  2  3  4  5  6  7  8  9 10 11 |
---------------+----------------------------------+-----
Maces & Flails | 4 5 6 7 9 11 12 13 14 | 14.8
Shields        | 6 9 11 | 11.4
Fighting       | |  3.2
Dodging        | |  2.4
Stealth        | |  2.1

Action                   |  1- 3 |  4- 6 |  7- 9 | 10-12 || total
-------------------------+-------+-------+-------+-------++-------
Melee: Mace              |   107 |   198 |       |       ||   305
       Flail             |       |    30 |   499 |   715 ||  1244
Throw: Javelin           |       |       |     2 |     2 ||     4
  Use: Scroll            |       |     9 |     3 |       ||    12
       Potion            |       |     1 |     2 |     2 ||     5
 Stab: Sleeping          |     2 |       |     1 |       ||     3
  Eat: Chunk             |     1 |     7 |    13 |    10 ||    31
Armor: Robe              |    45 |   122 |    83 |       ||   250
       Plate armour      |       |       |   176 |       ||   176
       Pearl dragon scal |       |       |     7 |   217 ||   224
Dodge: Dodged            |    83 |   175 |   106 |   155 ||   519
       Deflected         |       |       |       |     7 ||     7
Block: Shield            |       |    26 |   280 |   737 ||  1043

Table legend:
 A = Non-vault XP
 B = Vault XP
 C = Vault XP percentage of total XP
 D = Non-vault monster count
 E = Vault monster count
 F = Vault count percentage of total count
                 A         B        C        D         E       F
            +---------+---------+-------+---------+---------+-------
      Total |   13308 |    3810 |  22.3 |     289 |      28 |   8.8
            +---------+---------+-------+---------+---------+-------
        D:1 |      59 |       0 |   0.0 |      27 |       0 |   0.0
        D:2 |      25 |       2 |   7.4 |       9 |       1 |  10.0
        D:3 |      65 |      35 |  35.0 |      20 |       3 |  13.0
        D:4 |     610 |       0 |   0.0 |      27 |       0 |   0.0
        D:5 |     514 |     238 |  31.6 |      23 |       1 |   4.2
        D:6 |     476 |     135 |  22.1 |      10 |       2 |  16.7
        D:7 |    1136 |    1312 |  53.6 |      28 |       2 |   6.7
        D:8 |    1043 |       0 |   0.0 |      33 |       0 |   0.0
        D:9 |    3217 |       0 |   0.0 |      36 |       0 |   0.0
       D:10 |    3064 |    2088 |  40.5 |      36 |      19 |  34.5
       D:11 |    3099 |       0 |   0.0 |      40 |       0 |   0.0
            +---------+---------+-------+---------+---------+-------
